 Dungeon Crawl Stone Soup version 0.17.1-3-g152610e (webtiles) character file.

310 Kiel97 the Ruffian (level 6, -1/47 HPs)
             Began as a Mummy Berserker on Feb 24, 2016.
             Was a Believer of Trog.
             Killed from afar by a decayed bog body (5 damage)
             ... with a puff of frost
             ... in an ossuary.
             The game lasted 00:08:58 (4053 turns).

Kiel97 the Ruffian (Mummy Berserker)                Turns: 4053, Time: 00:08:58

Health: -1/47      AC: 10    Str: 21    XL:     6   Next: 18%
Magic:  6/6        EV:  6    Int:  6    God:    Trog [**....]
Gold:   199        SH:  0    Dex: 13    Spells: 0 memorised, 5 levels left

rFire  . . .     SeeInvis .       - Unarmed
rCold  + . .     Clarity  .     e - +0 plate armour
rNeg   + + +     SustAt   .     (no shield)
rPois  ∞         Gourm    .     (no helmet)
rElec  .         Spirit   .     (no cloak)
rCorr  .         Warding  .     (no gloves)
rMut   .         Stasis   .     (no boots)
MR     ++...                    (no amulet)
Stlth  ..........               (no ring)
                                h - ring of protection from fire

@: regenerating, slowed, very slow, very resistant to hostile enchantments,
extremely unstealthy
A: no food or potions, fire vulnerability, cold resistance 1, negative energy
resistance 3, torment resistance, unbreathing
a: Trog's Hand, Burn Spellbooks, Renounce Religion


You were in an ossuary.
You worshipped Trog.
Trog was pleased with you.
You were not hungry.

You visited 1 branch of the dungeon, and saw 4 of its levels.
You also visited: Ossuary.

You collected 199 gold pieces.

Inventory:

Hand Weapons
 a - a +0 hunting sling
Missiles
 d - 91 stones (quivered)
 f - 10 sling bullets
 i - 4 curare-tipped needles
Armour
 e - a +0 plate armour (worn)
Jewellery
 h - a ring of protection from fire (left hand)
Scrolls
 b - 3 scrolls of remove curse
 c - 4 scrolls of identify
 g - a scroll of blinking


   Skills:
 - Level 3.0 Fighting
 - Level 1.5 Armour
 - Level 1.5 Dodging
 + Level 5.8 Unarmed Combat


You had 5 spell levels left.
You didn't know any spells.

Dungeon Overview and Level Annotations

Branches:
Dungeon (4/15)
 Temple: D:4-7

Altars:
Dithmenos
Gozag
Trog


Innate Abilities, Weirdness & Mutations

You do not eat or drink.
Your flesh is vulnerable to fire.
You are immune to poison.
Your flesh is cold resistant.
You are immune to negative energy.
You are immune to unholy pain and torment.
You can survive without breathing.


Message History

The hound zombie bites you but does no damage.
You hit the decayed bog body.
The decayed bog body is heavily damaged.
The decayed bog body hits you! The decayed bog body barely misses you.
The hound zombie barely misses you. The decayed bog body hits you!
The decayed bog body touches you but does no damage.
You hit the decayed bog body but do no damage.
The decayed bog body is heavily damaged.
The hound zombie barely misses you. The mummy hits you.
The decayed bog body hits you!
* * * LOW HITPOINT WARNING * * *
The decayed bog body touches you but does no damage.
The hound zombie bites you.
* * * LOW HITPOINT WARNING * * *
Your skin crawls.
You feel resistant to hostile enchantments.
The hound zombie bites you but does no damage.
The decayed bog body points at you and mumbles some strange words.
The puff of frost hits you! You resist.
You die...

.≈≈# ##≈≈+
P..# ##
##≈≈#
≈≈#..≈+
#≈#≈≈#####
#..Z#..∩#
###n@.∩.#
#.'M#...#
###.#####
#.'....M...
###+#+#'#+#


You could see a decayed bog body, a mummy and a hound zombie.

Vanquished Creatures
  2 bog bodies (Ossuary)
  2 orc priests (D:3)
  A worker ant (D:3)
  A hound zombie (Ossuary)
  A mummy (Ossuary)
  4 adders
  2 oozes
  An adder zombie (Ossuary)
  3 worms
  4 orcs
  6 bats
  3 hobgoblins
  5 jackals
  3 quokkas
  3 ball pythons
  7 giant cockroaches
  2 giant geckos (D:1)
  7 giant newts
  12 goblins
  5 kobolds
  8 rats
82 creatures vanquished.

Notes
Turn   | Place    | Note
--------------------------------------------------------------
     0 | D:1      | Kiel97 the Mummy Berserker began the quest for the Orb.
     0 | D:1      | Reached XP level 1. HP: 18/18 MP: 1/1
     0 | D:1      | Noticed a troll skeleton
     1 | D:1      | Noticed an elf skeleton
     3 | D:1      | Noticed a merfolk skeleton
     3 | D:1      | Noticed a vine stalker skeleton
     5 | D:1      | Noticed a vine stalker skeleton
     6 | D:1      | Noticed a human skeleton
    16 | D:1      | Noticed an elf skeleton
    18 | D:1      | Noticed a draconian skeleton
    18 | D:1      | Noticed an elf skeleton
    20 | D:1      | Noticed a draconian skeleton
    22 | D:1      | Noticed a centaur skeleton
   709 | D:1      | Reached XP level 2. HP: 21/24 MP: 2/2
  1540 | D:1      | Reached ** piety under Trog
  1540 | D:1      | Reached XP level 3. HP: 21/29 MP: 3/3
  1670 | D:2      | Found a shadowy altar of Dithmenos.
  1962 | D:2      | Reached skill level 4 in Unarmed Combat
  2298 | D:2      | Reached XP level 4. HP: 24/35 MP: 4/4
  2794 | D:2      | Found an opulent altar of Gozag.
  3340 | D:3      | Reached XP level 5. HP: 14/41 MP: 5/5
  3343 | D:3      | Reached skill level 5 in Unarmed Combat
  3447 | D:3      | Found a bloodstained altar of Trog.
  3997 | D:4      | Found a sand-covered staircase.
  4002 | Ossuary  | Entered an ossuary
  4024 | Ossuary  | Reached XP level 6. HP: 47/47 MP: 6/6
  4052 | Ossuary  | HP: 2/47 [hound zombie (2)]
  4053 | Ossuary  | Killed from afar by a decayed bog body

Action                   |  1- 3 |  4- 6 || total
-------------------------+-------+-------++-------
Melee: Unarmed           |   218 |   233 ||   451
 Fire: Hunting sling     |       |    25 ||    25
Invok: Trog's Hand       |       |     5 ||     5
  Use: Scroll            |     4 |     1 ||     5
